 Dungeon Crawl Stone Soup version 0.20.0-10-g0535bb4 (console) character file.

71 removed the Sneak (level 4, 0/25 HPs)
             Began as a Deep Elf Assassin on June 4, 2017.
             Slain by a goblin (3 damage)
             ... led by Robin
             ... on level 2 of the Dungeon.
             The game lasted 00:02:31 (1645 turns).

removed the Sneak (Deep Elf Assassin)               Turns: 1645, Time: 00:02:32

Health: 0/25       AC:  2    Str:  8    XL:     4   Next: 5%
Magic:  6/6        EV:  7    Int: 17    God:
Gold:   73         SH:  0    Dex: 16    Spells: 3/3 levels left

rFire    + . .     SeeInvis .   a - +2 short sword (venom)
rCold    + . .     Gourm    .   (no shield)
rNeg     . . .     Faith    .   c - +0 robe
rPois    .         Spirit   .   (no helmet)
rElec    .         Reflect  .   n - scarf {rC+ rF+}
rCorr    .         Harm     .   (no gloves)
MR       .....                  (no boots)
Stlth    +++.......             (no amulet)
Regen    0.1/turn               (no ring)
MPRegen  0.1/turn               (no ring)

@: held
A: no striking features
a: no special abilities


You were on level 2 of the Dungeon.
You were not hungry.

You visited 1 branch of the dungeon, and saw 2 of its levels.

You collected 73 gold pieces.

Inventory:

Hand Weapons
 a - a +2 short sword of venom (weapon)
 b - a +0 blowgun
 l - a +2 dagger
Missiles
 e - 26 poisoned needles
 f - 2 curare-tipped needles
Armour
 c - a +0 robe (worn)
 d - a +0 cloak
 n - a scarf of resistance (worn)
Wands
 q - a wand of random effects (27/48)
Scrolls
 i - a scroll of magic mapping
 p - a scroll of enchant armour {unknown}
Potions
 h - 2 potions of agility {unknown}
 j - 2 potions of curing {unknown}
 m - a potion of magic {unknown}
 o - a potion of ambrosia {unknown}
Comestibles
 g - a bread ration
 r - 2 fruits
 s - a chunk of flesh


   Skills:
 - Level 1.5 Fighting
 - Level 4.0 Short Blades
 - Level 2.0 Throwing
 + Level 2.2 Dodging
 - Level 4.8 Stealth


You had 3 spell levels left.
You didn't know any spells.

Dungeon Overview and Level Annotations

Branches:
Dungeon (2/15)

Altars:

Annotations:
D:2 Robin


Message History

Here: a goblin (unusually strong)
A dagger.
The floor.
Robin throws the goblin at you!
* * * LOW HITPOINT WARNING * * *
A gnoll comes into view. It is wielding a flail.
The goblin no longer looks unusually strong. x2
The goblin misses you.
The goblin barely misses you. 2 gnolls come into view.
The gnoll shouts!
The hobgoblin no longer looks unusually strong.
Robin roars a battlecry!
The goblins go into a battle-frenzy!
The gnoll throws a throwing net.
The throwing net hits you.
You become entangled in the net!
You see here a throwing net.
As you read the scroll labeled YNU YPTOHO, it crumbles to dust.
You feel aware of your surroundings.
You sensed 1 altar.
It was a scroll of magic mapping.
The goblin hits you.
You die...

####.#.#,* #.# .......#,#
#g#
###...##.#####'##########
##......##..)..........#
#....##.##.....g.......#
#.##.##.##.............#
#.##.##.##.....g.......#
*#+##..#.##....ggg......#
.....#.#.##.....@.......#
.....#.#.##.............#
.....+....'.............#
.....#...##.............#
.....##..##.............#
.....*#..##.............#
<,,,,*#..##..........gg.#
,,,,,*##.##...........g.*
,,,,,* #.##########******


You could see Robin, 3 gnolls, a hobgoblin and 4 goblins.

Vanquished Creatures
  2 adders (D:2)
  A gnoll (D:1)
  A dart slug (D:1)
  7 bats
  2 giant cockroaches
  3 hobgoblins
  11 kobolds
  A frilled lizard (D:1)
  7 goblins
  7 rats (D:1)
42 creatures vanquished.

Vanquished Creatures (others)
  A plant (D:1)
1 creature vanquished.

Grand Total: 43 creatures vanquished

Notes
Turn   | Place    | Note
-------+----------+-------------------------------------------
     0 | D:1      | removed the Deep Elf Assassin began the quest for the Orb.
     0 | D:1      | Reached XP level 1. HP: 12/12 MP: 3/3
   269 | D:1      | Reached XP level 2. HP: 16/16 MP: 4/4
   764 | D:1      | Reached XP level 3. HP: 16/20 MP: 5/5
  1624 | D:2      | Noticed Robin
  1630 | D:2      | Reached XP level 4. HP: 12/25 MP: 6/6
  1645 | D:2      | Slain by a goblin

Skill      XL: |  1  2  3 |
---------------+----------+-----
Short Blades   | 3 4 |  4.0
Dodging        | 2 |  2.2
Fighting       | |  1.5
Throwing       | |  2.0
Stealth        | |  4.8

Action                   |  1- 3 |  4- 6 || total
-------------------------+-------+-------++-------
Melee: Dagger            |    58 |       ||    58
       Short sword       |    40 |     7 ||    47
 Fire: Blowgun           |    15 |       ||    15
  Use: Scroll            |       |     1 ||     1
 Stab: Sleeping          |     7 |       ||     7
  Eat: Chunk             |     2 |       ||     2
Armor: Robe              |    18 |     1 ||    19
Dodge: Dodged            |    58 |     6 ||    64
